 Dungeon Crawl Stone Soup version 0.27-a0-216-g1fbed8a51c (webtiles) character file.

Game seed: 10308649413583070763

4866 iamserjio the Fighter (level 10, -1/81 (82) HPs)
             Began as a Gnoll Abyssal Knight on Jan 31, 2021.
             Was a High Priest of Lugonu.
             Splashed by an oklob sapling's acid (15 damage)
             ... on level 10 of the Dungeon.
             The game lasted 00:29:02 (3507 turns).

iamserjio the Fighter (Gnoll Abyssal Knight)        Turns: 3507, Time: 00:29:02

HP:   -1/81 (82)    AC: 13    Str: 11    XL:     10   Next: 50%
MP:   18/18         EV: 11    Int: 14    God:    Lugonu [*****.]
Gold: 273           SH:  5    Dex: 13    Spells: 15/19 levels left

rFire    + . .     SeeInvis .   J - +0 rapier (freeze)
rCold    . . .     Faith    .   (no shield)
rNeg     . . .     Spirit   .   W - +2 scale mail {rF+}
rPois    .         Reflect  +   e - +1 helmet
rElec    .         Harm     .   (no cloak)
rCorr    .         Rampage  .   R - +0 pair of gloves
Will     +....                  (no boots)
Stlth    ++........             w - amulet of reflection
HPRegen  0.23/turn              b - ring of willpower
MPRegen  0.16/turn              F - ring of stealth

@: berserk cooldown, slowed, lightly drained, very slow
A: distributed training, fangs 1, strong nose
a: Renounce Religion, Depart the Abyss, Bend Space, Banish, Corrupt, Enter the
Abyss


You were on level 10 of the Dungeon.
You worshipped Lugonu.
Lugonu was extremely pleased with you.
You visited 1 branch of the dungeon, and saw 10 of its levels.
You visited the Abyss 1 time.
You also visited: Ossuary.

You collected 420 gold pieces.
You spent 147 gold pieces at shops.

Inventory:

Hand Weapons
 k - a +2 dagger of electrocution
 m - a +0 dagger
 y - a +0 glaive
 J - a +0 rapier of freezing (weapon)
 S - a +0 whip of electrocution
Missiles
 j - 32 poisoned darts
 t - 6 boomerangs (quivered)
Armour
 d - a cursed +0 scale mail
 e - a +1 helmet (worn)
 R - a +0 pair of gloves (worn)
 W - a +2 scale mail of fire resistance (worn)
 X - a +1 pair of gloves
Magical Staves
 T - an uncursed staff of cold
Jewellery
 b - a ring of willpower (left hand)
 f - an uncursed ring of poison resistance
 u - an uncursed ring of ice
 w - an amulet of reflection (around neck)
 F - a ring of stealth (right hand)
Wands
 K - a wand of digging (1) {@v3}
 U - a wand of polymorph (14)
Scrolls
 c - 4 scrolls of remove curse {@r2}
 g - 4 scrolls of teleportation {unknown}
 h - 5 scrolls of enchant weapon {unknown}
 i - 3 scrolls of amnesia {unknown}
 v - 3 scrolls of enchant armour {unknown}
 x - 3 scrolls of immolation
 B - a scroll of fear
 D - a scroll of summoning
 M - 5 scrolls of magic mapping {unknown}
 V - 2 scrolls of noise
 Y - 2 scrolls of fog
 Z - a scroll of blinking {@r4}
Potions
 a - 2 potions of ambrosia {unknown}
 r - a potion of might {@q3}
 z - 2 potions of heal wounds {@q2}
 A - 3 potions of attraction {unknown}
 E - 2 potions of haste {@q4}
 G - a potion of resistance {unknown}
 H - a potion of brilliance {unknown}
 L - a potion of magic {unknown}
 P - a potion of lignification {unknown}
 Q - 5 potions of curing {unknown}


   Skills:
 + Level 8.5 Fighting
 + Level 5.3 Short Blades
 + Level 7.1 Long Blades
 + Level 5.3 Axes
 + Level 5.3 Maces & Flails
 + Level 5.3 Polearms
 + Level 5.3 Staves
 + Level 5.3 Slings
 + Level 5.3 Bows
 + Level 5.3 Crossbows
 + Level 5.3 Throwing
 + Level 7.1 Armour
 + Level 6.0 Dodging
 + Level 5.3 Stealth
 + Level 5.3 Shields
 + Level 5.3 Unarmed Combat
 + Level 5.3 Spellcasting
 + Level 4.4 Conjurations
 + Level 4.4 Hexes
 + Level 4.4 Summonings
 + Level 4.4 Necromancy
 + Level 4.4 Translocations
 + Level 4.4 Transmutations
 + Level 4.4 Fire Magic
 + Level 4.4 Ice Magic
 + Level 4.4 Air Magic
 + Level 4.4 Earth Magic
 + Level 4.4 Poison Magic
 + Level 7.5 Invocations
 + Level 5.3 Evocations


You had 15 spell levels left.
You knew the following spells:

 Your Spells              Type           Power        Failure   Level
a - Airstrike             Air            8%           77%         4

Your spell library contained the following spells:

 Spells                   Type           Power        Failure   Level
 Shock                    Conj/Air       64%          13%         1
 Swiftness                Air            16%          19%         2
 Static Discharge         Conj/Air       16%          36%         3
 Lightning Bolt           Conj/Air       8%           98%         5


Dungeon Overview and Level Annotations

Branches:
Dungeon (10/15)            Temple (0/1) D:4         Ossuary (visited)
   Lair: D:8-11         Orc: D:9-12

Altars:
Fedhas
Qazlal
Ru
Wu Jian
The Shining One

Shops:
D:9 ?

Annotations:
D:10 1 exclusion


Innate Abilities, Weirdness & Mutations

Your experience applies equally to all skills.
You have very sharp teeth.
Your uncanny sense of smell can sniff out nearby items.


Message History

The worker ant is caught in a web!
The worker ant pulls away from the web.
Found 2 viscous grey potions.
Okay, then.
The worker ant is caught in a web!
You open the door.
A black bear comes into view.
Found 14 poisoned darts.
Found a blossoming altar of Fedhas.
There is an open door here.
You enter the shallow water.
Moving in this stuff is going to be slow.
A ball python and an oklob sapling come into view.
The oklob sapling spits acid at you. The splash of acid hits you!
* * * LOW HITPOINT WARNING * * *
You are splashed with acid!
* * * LOW HITPOINT WARNING * * *
The oklob sapling spits acid at you.
The splash of acid hits you but does no damage.
You are splashed with acid!
You die...

...# #..# ...# ##.♣ ♣♣
♣♣ ...# ♣♣♣♣≈♣∆ ∆≈♣♣♣
..#### ###...♣ ≈P.≈♣♣
..#≈^.>#.....♣♣♣♣ ≈≈≈≈≈♣
..#...^#^.#....≈♣♣.≈≈P≈≈
..#!..B≈.......≈♣≈≈≈≈≈≈≈
..#....#..#....#♣≈≈≈≈≈≈≈
..#≈^. #.......'@≈≈h≈≈≈≈
..#### ###.....#♣≈≈≈≈≈≈♣
.....# ♣♣†.≈≈≈≈≈♣♣≈≈♣♣♣S
####.♣ ♣.♣♣≈†≈≈≈≈♣≈≈._
#♣♣..♣≈≈≈≈≈♣♣♣ ♣≈♣(♣
♣.♣♣≈≈≈≈♣♣ ♣♣ .
#♣♣♣♣≈≈P### #####.♣
♣..## ......♣##.##


You could see a black bear (wandering), an oklob sapling and a ball python
(asleep).

Vanquished Creatures
  Pikel (D:8)
  A queen bee (D:9)
  A hornet (D:10)
  A water moccasin (D:10)
  An orc warrior (D:10)
  An ice beast (D:9)
  5 sky beasts
  6 ogres
  3 lemures (D:8)
  A big kobold (D:8)
  Blork the orc (D:5)
  A bullfrog (D:6)
  11 scorpions
  22 killer bees (D:9)
  A howler monkey (D:6)
  3 jellies
  A centaur zombie (Ossuary)
  2 hounds
  2 orc priests
  A centaur skeleton (D:4)
  2 iguanas
  2 orc wizards
  6 worker ants
  A killer bee zombie (D:8)
  3 big kobold zombies (Ossuary)
  A hound zombie (D:7)
  2 mummies (Ossuary)
  A worker ant zombie (D:8)
  4 gnolls (D:7)
  3 scorpion zombies (Ossuary)
  6 adders
  A shadow imp (D:6)
  A white imp (D:9)
  3 ufetubi
  An ooze (D:9)
  An adder zombie (D:9)
  An adder skeleton (D:5)
  A worm (D:6)
  2 leopard geckos
  27 orcs
  5 ball pythons (D:10)
  2 giant cockroaches
  A goblin (D:2)
  2 hobgoblins
  7 jackals
  2 quokkas
  2 bats (D:2)
  2 gnoll zombies (Ossuary)
  3 goblin zombies (Ossuary)
  7 kobolds
  2 kobold zombies (Ossuary)
  An orc zombie (Ossuary)
  A quokka skeleton (D:5)
  2 rats (D:2)
174 creatures vanquished.

Vanquished Creatures (collateral kills)
  A mummy (Ossuary)
  A goblin zombie (Ossuary)
  A hobgoblin zombie (Ossuary)
3 creatures vanquished.

Vanquished Creatures (others)
  2 scorpions (Ossuary)
  A big kobold zombie (Ossuary)
  A kobold zombie (Ossuary)
  9 plants (D:10)
13 creatures vanquished.

Grand Total: 190 creatures vanquished

Notes
Turn   | Place    | Note
-------+----------+-------------------------------------------
     0 | Abyss:1  | iamserjio the Gnoll Abyssal Knight began the quest for the
                  | Orb.
     0 | Abyss:1  | Reached XP level 1. HP: 23/23 MP: 3/3
    31 | D:1      | Escaped the Abyss
   224 | D:3      | Reached XP level 2. HP: 17/29 MP: 5/5
   334 | D:3      | Reached XP level 3. HP: 27/35 MP: 6/6
   472 | D:4      | Found a glowing golden altar of the Shining One.
   492 | D:5      | Entered Level 5 of the Dungeon
   498 | D:5      | Noticed a sky beast
   579 | D:5      | Reached skill level 1 in Short Blades
   579 | D:5      | Reached skill level 1 in Axes
   579 | D:5      | Reached skill level 1 in Maces & Flails
   579 | D:5      | Reached skill level 1 in Polearms
   579 | D:5      | Reached skill level 1 in Staves
   579 | D:5      | Reached skill level 1 in Slings
   579 | D:5      | Reached skill level 1 in Bows
   579 | D:5      | Reached skill level 1 in Crossbows
   579 | D:5      | Reached skill level 1 in Throwing
   579 | D:5      | Reached skill level 1 in Stealth
   579 | D:5      | Reached skill level 1 in Shields
   579 | D:5      | Reached skill level 1 in Unarmed Combat
   579 | D:5      | Reached skill level 1 in Spellcasting
   579 | D:5      | Reached skill level 1 in Evocations
   579 | D:5      | Reached XP level 4. HP: 21/41 MP: 7/7
   681 | D:6      | Found a sand-covered staircase.
   706 | Ossuary  | Entered an ossuary
   739 | Ossuary  | Reached skill level 1 in Conjurations
   739 | Ossuary  | Reached skill level 1 in Hexes
   739 | Ossuary  | Reached skill level 1 in Summonings
   739 | Ossuary  | Reached skill level 1 in Necromancy
   739 | Ossuary  | Reached skill level 1 in Translocations
   739 | Ossuary  | Reached skill level 1 in Transmutations
   739 | Ossuary  | Reached skill level 1 in Fire Magic
   739 | Ossuary  | Reached skill level 1 in Ice Magic
   739 | Ossuary  | Reached skill level 1 in Air Magic
   739 | Ossuary  | Reached skill level 1 in Earth Magic
   739 | Ossuary  | Reached skill level 1 in Poison Magic
   740 | Ossuary  | Reached ** piety under Lugonu
   741 | Ossuary  | Reached XP level 5. HP: 30/47 MP: 8/8
   811 | Ossuary  | Reached skill level 5 in Invocations
   811 | Ossuary  | Reached XP level 6. HP: 10/53 MP: 9/9
   863 | Ossuary  | HP: 2/53 [scorpion (3)]
   904 | Ossuary  | Reached skill level 5 in Long Blades
   904 | Ossuary  | Reached skill level 5 in Armour
  1083 | Ossuary  | Reached XP level 7. HP: 23/59 MP: 10/10
  1130 | Ossuary  | Reached skill level 7 in Fighting
  1400 | D:6      | Reached XP level 8. HP: 39/67 MP: 12/12
  1442 | D:6      | Found an ornate altar of the Wu Jian Council.
  1450 | D:5      | Noticed Blork the orc
  1461 | D:5      | Killed Blork the orc
  1605 | D:4      | Found a staircase to the Ecumenical Temple.
  1607 | D:4      | Found a faded altar of an unknown god.
  1647 | D:4      | Reached *** piety under Lugonu
  1881 | D:5      | Found a blossoming altar of Fedhas.
  1965 | D:5      | Learned a level 4 spell: Airstrike
  2066 | D:5      | Found a sacrificial altar of Ru.
  2237 | D:8      | Noticed Pikel
  2271 | D:8      | Killed Pikel
  2272 | D:8      | Reached XP level 9. HP: 29/73 MP: 14/14
  2443 | D:8      | Reached skill level 5 in Dodging
  2522 | D:7      | Found an ornate altar of the Wu Jian Council.
  2583 | D:7      | Reached **** piety under Lugonu
  2583 | D:7      | Paralysed by a gnoll for 4 turns
  2727 | D:7      | Reached skill level 8 in Fighting
  2960 | D:9      | Found Busenkun's Magic Scroll Shop.
  2980 | D:9      | Bought a scroll of fog for 28 gold pieces
  2980 | D:9      | Bought a scroll of noise for 14 gold pieces
  2980 | D:9      | Bought a scroll of blinking for 105 gold pieces
  3034 | D:9      | Noticed a queen bee
  3037 | D:9      | Killed a queen bee
  3038 | D:9      | Reached skill level 5 in Short Blades
  3038 | D:9      | Reached skill level 5 in Axes
  3038 | D:9      | Reached skill level 5 in Maces & Flails
  3038 | D:9      | Reached skill level 5 in Polearms
  3038 | D:9      | Reached skill level 5 in Staves
  3038 | D:9      | Reached skill level 5 in Slings
  3038 | D:9      | Reached skill level 5 in Bows
  3038 | D:9      | Reached skill level 5 in Crossbows
  3038 | D:9      | Reached skill level 5 in Throwing
  3038 | D:9      | Reached skill level 5 in Stealth
  3038 | D:9      | Reached skill level 5 in Shields
  3038 | D:9      | Reached skill level 5 in Unarmed Combat
  3038 | D:9      | Reached skill level 5 in Spellcasting
  3038 | D:9      | Reached skill level 5 in Evocations
  3038 | D:9      | Reached XP level 10. HP: 30/81 MP: 15/17
  3113 | D:9      | Found a stormy altar of Qazlal.
  3129 | D:10     | Entered Level 10 of the Dungeon
  3172 | D:10     | Reached ***** piety under Lugonu
  3506 | D:10     | Found a blossoming altar of Fedhas.
  3507 | D:10     | Splashed by an oklob sapling's acid

Illustrated notes

Levels and vault maps discovered:
D:1:      dpeg_arrival_stone_temple_mockup, layout_basic
D:2:      layout_basic, minmay_crystal_water
D:3:      layout_basic, ashenzari_altar_1
D:4:      minmay_thinvault, layout_loops_corners,
          nicolae_temple_entry_ecumenical, gammafunk_ghost_split, serial_shops,
          kennysheep_little_box, tso_metal_star, uniq_ijyb, uniq_grinder
D:5:      layout_loops_corners, lemuel_crystal_altar, kennysheep_mini_moat,
          lemuel_tele_altar, uniq_blork_the_orc
D:6:      layout_loops_ring, portal_sewer_entry_a,
          nicolae_ossuary_entry_false_entrances, lemuel_altar_in_water
D:7:      layout_cave_pools, lemuel_round_altar, kennysheep_mini, moated_statue,
          uniq_crazy_yiuf_cottage, uniq_harold
D:8:      layout_basic, marbit_many_paths, lemuel_mausoleum_altar_kikubaaqudgha,
          uniq_pikel
D:9:      layout_rooms, gammafunk_temple_overflow_wave, old_standard_altar,
          special_room [special_room_bee], serial_shops, shop_statue,
          corexii_hall_statues_s, minmay_mirror_moons_of_madness
D:10:     layout_loops_ring, erik_lair_dragon, introduction_to_nature_2

Skill      XL: |  1  2  3  4  5  6  7  8  9 10 |
---------------+-------------------------------+-----
Short Blades   | 1 2 3 5 |  5.3
Axes           | 1 2 3 5 |  5.3
Maces & Flails | 1 2 3 5 |  5.3
Polearms       | 1 2 3 5 |  5.3
Staves         | 1 2 3 5 |  5.3
Slings         | 1 2 3 5 |  5.3
Bows           | 1 2 3 5 |  5.3
Crossbows      | 1 2 3 5 |  5.3
Throwing       | 1 2 3 5 |  5.3
Stealth        | 1 2 3 5 |  5.3
Shields        | 1 2 3 5 |  5.3
Unarmed Combat | 1 2 3 5 |  5.3
Spellcasting   | 1 2 3 5 |  5.3
Evocations     | 1 2 3 5 |  5.3
Conjurations   | 1 2 3 4 |  4.4
Hexes          | 1 2 3 4 |  4.4
Summonings     | 1 2 3 4 |  4.4
Necromancy     | 1 2 3 4 |  4.4
Translocations | 1 2 3 4 |  4.4
Transmutations | 1 2 3 4 |  4.4
Fire Magic     | 1 2 3 4 |  4.4
Ice Magic      | 1 2 3 4 |  4.4
Air Magic      | 1 2 3 4 |  4.4
Earth Magic    | 1 2 3 4 |  4.4
Poison Magic   | 1 2 3 4 |  4.4
Dodging        | 3 4 5 6 |  6.0
Invocations    | 5 6 7 |  7.5
Long Blades    | 5 6 7 |  7.1
Armour         | 5 6 7 |  7.1
Fighting       | 7 8 |  8.5

Action                   |  1- 3 |  4- 6 |  7- 9 | 10-12 || total
-------------------------+-------+-------+-------+-------++-------
Melee: Falchion          |    59 |   133 |    33 |       ||   225
       Bite              |     4 |    10 |    35 |    10 ||    59
       Punch             |       |     1 |     5 |     2 ||     8
       Rapier            |       |       |   215 |    83 ||   298
       Whip              |       |       |   133 |       ||   133
Throw: Dart              |     4 |    10 |    71 |    21 ||   106
       Boomerang         |       |     7 |     3 |     3 ||    13
Invok: Banish            |       |       |       |     2 ||     2
Evoke: Wand              |       |    14 |     7 |     1 ||    22
  Use: Scroll            |       |     5 |     6 |       ||    11
       Potion            |       |     1 |     4 |     2 ||     7
 Stab: Sleeping          |       |       |    10 |       ||    10
Armor: Leather armour    |    14 |       |       |       ||    14
       Ring mail         |     2 |    38 |    58 |       ||    98
       Scale mail        |       |       |    50 |    38 ||    88
Dodge: Dodged            |    29 |    41 |   165 |    45 ||   280
Block: Other             |     1 |    17 |    75 |    26 ||   119
       Reflection        |       |       |     2 |       ||     2
       Rpst.: Falchion   |     9 |    12 |     8 |       ||    29

Table legend: (Time is in decaauts)
 A = Elapsed time spent in this place.
 B = Non-inter-level travel time spent in this place.
 C = Inter-level travel time spent in this place.
 D = Time resting spent in this place.
 E = Time spent auto-exploring this place.
 F = Levels seen in this place.
 G = Mean time per level.
                   A        B        C        D        E       F      G
               +--------+--------+--------+--------+--------+-----+--------+
         Total |   3499 |   3348 |    151 |      0 |      0 |  12 |  291.6 |
       Dungeon |   2927 |   2776 |    151 |      0 |      0 |  10 |  292.7 |
         Abyss |     31 |     31 |      0 |      0 |      0 |   1 |   31.0 |
       Ossuary |    541 |    541 |      0 |      0 |      0 |   1 |  541.0 |
               +--------+--------+--------+--------+--------+-----+--------+

Top non-repeatable levels by time:
 Ossuary: 541 daAuts
     D:5: 482 daAuts
     D:6: 383 daAuts
    D:10: 375 daAuts
     D:8: 331 daAuts
     D:9: 331 daAuts
     D:4: 316 daAuts
     D:7: 262 daAuts
     D:3: 236 daAuts
     D:1: 117 daAuts
     D:2: 91 daAuts
 Abyss:1: 31 daAuts
